 Dungeon Crawl Stone Soup version 0.20.0-15-g7f486f2 (webtiles) character file.

807 botchamania the Insei (level 7, 0/52 HPs)
             Began as a Demigod Transmuter on June 27, 2017.
             Killed by divine providence
             ... invoked by an orc priest
              (10 damage)
             ... on level 3 of the Dungeon.
             The game lasted 00:14:35 (5262 turns).

botchamania the Insei (Demigod Transmuter)          Turns: 5262, Time: 00:14:36

Health: 0/52       AC:  2    Str: 13    XL:     7   Next: 34%
Magic:  7/12       EV: 19    Int: 25    God:
Gold:   30         SH:  0    Dex: 21    Spells: 3/9 levels left

rFire    . . .     SeeInvis .     - Unarmed
rCold    . . .     Gourm    .   (shield currently unavailable)
rNeg     . . .     Faith    .   (armour currently unavailable)
rPois    x         Spirit   .   (helmet currently unavailable)
rElec    .         Reflect  .   (cloak currently unavailable)
rCorr    .         Harm     .   (gloves currently unavailable)
MR       .....                  (boots currently unavailable)
Stlth    ++........             (no amulet)
Regen    0.2/turn               j - +4 ring of intelligence
MPRegen  0.2/turn               (no ring)

@: lethally poisoned (0 -> -16), spider-form (expiring), very slightly
contaminated, heavily drained
A: high mp 1
a: End Transformation


You were on level 3 of the Dungeon.
You were hungry.
You were a venomous arachnid creature.
You visited 1 branch of the dungeon, and saw 5 of its levels.
You also visited: Sewer.

You collected 173 gold pieces.
You spent 143 gold pieces at shops.

Inventory:

Hand Weapons
 y - a +3 quarterstaff of chaos
Missiles
 a - 41 arrows
 v - 18 sling bullets
Armour
 b - a +0 robe (melded)
 x - a +0 shield
 z - a +0 cloak (melded)
Jewellery
 j - a +4 ring of intelligence (left front leg)
 H - an uncursed amulet of harm
Wands
 n - a wand of enslavement (13/24)
 I - a wand of digging (9/24)
Scrolls
 e - a scroll of blinking
 i - a scroll of remove curse {unknown}
 k - a scroll of recharging {unknown}
 q - 4 scrolls of teleportation
 r - a scroll of immolation {unknown}
 u - a scroll of enchant weapon {unknown}
 A - a scroll of fear {unknown}
 C - a scroll of enchant armour {unknown}
 E - a scroll of random uselessness {unknown}
 F - a scroll of magic mapping {unknown}
Potions
 f - a potion of curing
 g - a potion of haste
 m - a potion of might
 o - 2 potions of degeneration
 t - 2 potions of lignification
 w - 4 potions of magic {unknown}
 B - a potion of agility
 G - a potion of brilliance {unknown}
Books
 c - a book of Changes

   Spells                             Type                      Level
   a - Beastly Appendage              Transmutation                1
   b - Sticks to Snakes               Transmutation                2
   c - Spider Form                    Transmutation/Poison         3
   d - Ice Form                       Ice/Transmutation            4
   e - Blade Hands                    Transmutation                5
 J - a book of Frost

   Spells                             Type                      Level
   a - Freeze                         Ice                          1
   b - Throw Frost                    Conjuration/Ice              2
   c - Ozocubu's Armour               Charms/Ice                   3
   d - Throw Icicle                   Conjuration/Ice              4
   e - Summon Ice Beast               Ice/Summoning                4
Comestibles
 d - 2 bread rations
 h - 3 meat rations
 l - 5 fruits
 p - a chunk of flesh
 s - a royal jelly


   Skills:
 + Level 1.2(0.0) Fighting
 + Level 2.9(1.3) Dodging
 - Level 1.7(0.2) Stealth
 + Level 5.1(3.5) Unarmed Combat
 - Level 1.7(0.2) Spellcasting
 + Level 4.8(3.2) Transmutations
 - Level 2.9(1.4) Poison Magic


You had 3 spell levels left.
You knew the following spells:

 Your Spells              Type           Power        Failure   Level  Hunger
a - Beastly Appendage     Tmut           ###...       12%         1    ##.....
b - Sticks to Snakes      Tmut           ###.....     16%         2    ###....
c - Spider Form           Tmut/Pois      ##........   34%         3    ####...


Dungeon Overview and Level Annotations

Branches:
Dungeon (5/15)             Temple (0/1) D:4

Shops:
D:4 !

Annotations:
D:3 botchamania's ghost, amateur OpTm


Innate Abilities, Weirdness & Mutations

You have an increased reservoir of magic. (+10% MP)


Message History

Unknown command.
You hit the orc wizard but do no damage.
The orc wizard looks as sick as possible!
The orc wizard is almost dead.
You feel sick.
You kill the orc wizard!
The kobold unwields an uncursed blowgun.
The kobold hits you.
You closely miss the kobold. Botchamania's ghost hits you.
You are lethally poisoned!
The kobold hits you.
* * * LOW HITPOINT WARNING * * *
Unknown command.
You hit the kobold.
You kill the kobold!
* * * LOW HITPOINT WARNING * * *
You feel sick.
The orc priest calls down the wrath of Beogh upon you.
Beogh smites you!
You die...

########## #####
##...##...##
#)..#
##..........##
#[..#
#............###
#...#
#................
##)##
#..(..<.s).......
♣)♣♣
##...).>.W..#####
♣♣.♣
#....##........
♣.♣♣
#.#######o.##.#
♣♣)♣ #.###......#
. ♣♣.♣♣
#.......###.. .#
.#. ♣♣...♣
###..##..## ...
...#.g. ♣.(.P♣
#....##.## ..
...#.h. #....#
##(.....##
.#K..#.


You could see an orc priest and botchamania's ghost.

Vanquished Creatures
  An ogre (D:4)
  A bullfrog (D:4)
  A scorpion (D:5)
  A howler monkey (D:4)
  An iron imp (D:4)
  An orc priest (D:4)
  Crazy Yiuf (D:3)
  A bullfrog skeleton (D:4)
  Jessica (D:2)
  3 orc wizards
  4 worker ants (D:4)
  3 gnolls (D:3)
  A howler monkey skeleton (D:5)
  11 adders
  2 river rats (Sewer)
  An ooze (D:3)
  A worm (D:5)
  A dart slug (D:1)
  3 leopard geckos
  19 orcs
  4 ball pythons
  2 giant cockroaches
  6 goblins
  5 hobgoblins
  A jackal (D:3)
  2 quokkas
  12 bats
  12 frilled lizards
  4 kobolds
  7 rats
  A fungus (D:3)
114 creatures vanquished.

Vanquished Creatures (collateral kills)
  A gnoll (D:3)
  An orc (D:3)
  A ball python (D:3)
3 creatures vanquished.

Vanquished Creatures (others)
  2 fungi (D:3)
2 creatures vanquished.

Grand Total: 119 creatures vanquished

Notes
Turn   | Place    | Note
-------+----------+-------------------------------------------
     0 | D:1      | botchamania the Demigod Transmuter began the quest for the Orb.
     0 | D:1      | Reached XP level 1. HP: 15/15 MP: 5/5
   195 | D:1      | Reached skill level 3 in Unarmed Combat
   378 | D:1      | Reached XP level 2. HP: 8/22 MP: 5/7
   722 | D:1      | Learned a level 2 spell: Sticks to Snakes
  1236 | D:2      | Noticed Jessica
  1261 | D:2      | Killed Jessica
  1261 | D:2      | Reached XP level 3. HP: 22/27 MP: 1/8
  1577 | D:2      | Found a snail-covered altar of Cheibriados.
  1632 | D:2      | Reached skill level 1 in Stealth
  1746 | D:2      | Reached skill level 4 in Unarmed Combat
  1816 | D:2      | Reached XP level 4. HP: 23/34 MP: 9/9
  2234 | D:2      | Found a shimmering altar of Xom.
  2301 | D:3      | Found a glowing drain.
  2332 | Sewer    | Entered a sewer
  2749 | D:3      | Noticed botchamania's ghost (amateur OpTm)
  3243 | D:3      | Found a runed door.
  3251 | D:3      | Learned a level 3 spell: Spider Form
  3252 | D:3      | Noticed Crazy Yiuf
  3266 | D:3      | Killed Crazy Yiuf
  3266 | D:3      | Reached XP level 5. HP: 27/39 MP: 4/10
  3808 | D:4      | Reached skill level 1 in Poison Magic
  3896 | D:4      | Found Maosiqeo's Distillery.
  3904 | D:4      | Bought a potion of might for 44 gold pieces
  3904 | D:4      | Bought a potion of agility for 44 gold pieces
  3958 | D:4      | Reached XP level 6. HP: 43/46 MP: 6/11
  4368 | D:4      | Found a staircase to the Ecumenical Temple.
  4437 | D:4      | Bought a potion of heal wounds for 55 gold pieces
  4587 | D:4      | Reached XP level 7. HP: 51/51 MP: 9/12
  4605 | D:4      | Found a burning altar of Makhleb.
  4818 | D:5      | Entered Level 5 of the Dungeon
  4929 | D:5      | Reached skill level 1 in Fighting
  5087 | D:5      | Reached skill level 5 in Unarmed Combat
  5195 | D:5      | HP: 1/52 [ice beast (10)]
  5262 | D:3      | Killed from afar by an orc priest

Skill      XL: |  1  2  3  4  5  6  7 |
---------------+----------------------+-----
Unarmed Combat | 3 4 5 |  5.1
Dodging        | 2 |  2.9
Stealth        | 1 |  1.7
Transmutations | 2 4 |  4.8
Poison Magic   | 1 2 |  2.9
Fighting       | 1 |  1.2
Spellcasting   | |  1.7

Action                   |  1- 3 |  4- 6 |  7- 9 || total
-------------------------+-------+-------+-------++-------
Melee: Unarmed           |   129 |   217 |    54 ||   400
       Headbutt          |     3 |     5 |       ||     8
       Kick              |     3 |     5 |       ||     8
       Punch             |       |     2 |       ||     2
 Cast: Beastly Appendage |     6 |    11 |       ||    17
       Sticks to Snakes  |     7 |     6 |       ||    13
       Spider Form       |       |    15 |     8 ||    23
Evoke: Wand              |       |       |     1 ||     1
  Use: Potion            |       |     6 |     1 ||     7
       Scroll            |       |       |     5 ||     5
 Stab: Sleeping          |     2 |       |       ||     2
       Distracted        |       |       |     1 ||     1
  Eat: Chunk             |     2 |     8 |     3 ||    13
       Bread ration      |     1 |       |       ||     1
       Fruit             |       |     1 |       ||     1
Armor: Robe              |    15 |    36 |       ||    51
       Skin              |       |     2 |     2 ||     4
Dodge: Dodged            |    99 |   211 |    47 ||   357
